 Dungeon Crawl Stone Soup version 0.28.0-45-g0d030f2227 (webtiles) character file.

Game seed: 17367705645895163344

136 Icepheonix32 the Skirmisher (level 4, 0/35 HPs)
             Began as a Demonspawn Fighter on Apr 12, 2022.
             Slain by an orc priest
             ... wielding a +0 trident
              (4 damage)
             ... on level 3 of the Dungeon.
             The game lasted 00:02:38 (2430 turns).

Icepheonix32 the Skirmisher (Demonspawn Fighter)    Turns: 2430, Time: 00:02:39

Health: 0/35       AC:  7    Str: 24    XL:     4   Next: 98%
Magic:  4/4        EV: 10    Int: 10    God:
Gold:   42         SH:  4    Dex: 12    Spells: 3/3 levels left

rFire   . . .      SeeInvis .   a - +0 long sword
rCold   . . .      Faith    .   c - +0 buckler
rNeg    . . .      Spirit   .   b - +0 scale mail
rPois   .          Reflect  .   (no helmet)
rElec   .          Harm     .   (no cloak)
rCorr   .          Rampage  .   (no gloves)
Will    .....                   e - +0 pair of boots
Stlth   ..........              (no amulet)
HPRegen 0.11/turn               h - +6 ring of strength
MPRegen 0.09/turn               (no ring)

@: hasted, very quick
A: ignite blood 1
a: no special abilities


You were on level 3 of the Dungeon.
You visited 1 branch of the dungeon, and saw 3 of its levels.

You collected 42 gold pieces.

Inventory:

Hand Weapons
 a - a +0 long sword (weapon)
 g - a +1 dagger of venom
Armour
 b - a +0 scale mail (worn)
 c - a +0 buckler (worn)
 e - a +0 pair of boots (worn)
Jewellery
 h - a +6 ring of strength (left hand)
Scrolls
 j - a scroll of amnesia
 m - a scroll of vulnerability {unknown}
Potions
 d - a potion of might
 k - a potion of attraction


   Skills:
 + Level 3.3 Fighting
 * Level 3.2 Long Blades
 + Level 3.1 Armour
 + Level 1.4 Dodging
 + Level 3.3 Shields


You had 3 spell levels left.
You didn't know any spells.
Your spell library contained the following spells:

 Spells                   Type           Power      Damage    Failure   Level
 Static Discharge         Conj/Air       0%         N/A       88%         2
 Summon Lightning Spire   Summ/Air       0%         N/A       100%        4
 Lightning Bolt           Conj/Air       0%         1d11      100%        5
 Storm Form               Tmut/Air       0%         N/A       100%        7
 Maxwell's Capacitive Co  Air            0%         ∞         100%        8


Dungeon Overview and Level Annotations

Branches:
Dungeon (3/15)

Altars:

Shops:
D:3 (:


Innate Abilities, Weirdness & Mutations

Your demonic aura sometimes causes spilled blood to erupt in flames.


Message History

Unknown command.
You miss something. You block the orc priest's attack. Something hits you.
Unknown command.
You miss something.
The orc priest looks encouraged for a moment.
You block something's attack.
The orc throws a boomerang.
The boomerang hits you but does no damage.
You slash something!
Reactivating autopickup.
You feel a bit more experienced.
The orc priest mumbles some strange prayers to Beogh against you.
Pain shoots through your body!
* * * LOW HITPOINT WARNING * * *
The orc priest barely misses you.
Your Dodging skill increases to level 1!
You slash the orc!
You kill the orc!
The orc priest hits you but does no damage.
Unknown command.
You slash the orc priest!
The orc priest is almost dead.
The orc priest looks satisfied for a moment.
The orc priest is engulfed in blazing flames.
You kill the orc priest!
Unknown command.
Items here: ( )))) [ ††.
You barely miss the orc priest.
The orc priest hits you with a +0 trident.
* * * LOW HITPOINT WARNING * * *
You closely miss the orc priest.
The orc priest hits you with a +0 trident.
* * * LOW HITPOINT WARNING * * *
You slash the orc priest!
The orc priest is heavily wounded.
The orc priest closely misses you.
Unknown command.
You hit the orc priest but do no damage.
The orc priest is heavily wounded.
The orc priest hits you with a +0 trident.
You die...

.... #.... ... #.### ###.
... ##.### #... #.. .#
#..... (.... ..# ...#
#..#.# #.#.. #.# ...#
#..#.# ......
#.##...######..#..
.....o##.##.............#
......†#@#....#..........
.....8.o......####.##.#.#
......................###
.....#........####.##.#
##.! #.............##.#
... #........#.......# ##
#............##.##.###
.....#.......<##.##....
..........#.#.##.######


You could see an orc priest.

Vanquished Creatures
  An orc priest (D:3)
  An orc wizard (D:3)
  2 adders
  2 dart slugs (D:3)
  7 orcs (D:3)
  4 endoplasms (D:1)
  5 goblins
  5 hobgoblins
  6 jackals
  3 quokkas (D:1)
  4 ball pythons
  7 bats
  2 frilled lizards
  3 kobolds
  4 rats
56 creatures vanquished.

Vanquished Creatures (others)
  4 fungi (D:1)
  3 plants (D:1)
7 creatures vanquished.

Grand Total: 63 creatures vanquished

Notes
Turn   | Place    | Note
-------+----------+-------------------------------------------
     0 | D:1      | Icepheonix32 the Demonspawn Fighter began the quest for the
                  | Orb.
     0 | D:1      | Reached XP level 1. HP: 18/18 MP: 1/1
   305 | D:1      | Gained mutation: Your demonic aura sometimes causes spilled
                  | blood to erupt in flames. [demonic ancestry]
   305 | D:1      | Reached XP level 2. HP: 24/24 MP: 2/2
   863 | D:1      | Found a faded altar of an unknown god.
   977 | D:1      | Reached XP level 3. HP: 29/29 MP: 3/3
  2116 | D:3      | Found Lutaeh's Antique Weapon Shoppe.
  2131 | D:3      | Found Jenkinnent's Book Boutique.
  2172 | D:3      | Reached XP level 4. HP: 27/35 MP: 4/4
  2424 | D:3      | Reached skill level 1 in Dodging
  2430 | D:3      | Slain by an orc priest

Illustrated notes

Levels and vault maps discovered:
D:1:      dpeg_arrival_boxorama, layout_basic,
          shapermc_ecumenical_altar_acropolis, minmay_surrounded
D:2:      layout_rooms, serial_curves, eino_curves_01, eino_curves_04,
          kennysheep_cross_room
D:3:      layout_basic, serial_glass, glass_columns_b, glass_columns_a,
          serial_shops, shop_statue, nicolae_shop_statue_plus, shop, st_stairs_8

Skill      XL: |  1  2  3  4 |
---------------+-------------+-----
Long Blades    | 2 3 |  3.2
Armour         | 3 |  3.1
Shields        | 3 |  3.3
Dodging        | 1 |  1.4
Fighting       | |  3.3

Action                   |  1- 3 |  4- 6 || total
-------------------------+-------+-------++-------
Melee: Long sword        |   139 |    43 ||   182
  Use: Scroll            |     3 |     1 ||     4
       Potion            |       |     3 ||     3
Armor: Scale mail        |    95 |    19 ||   114
Dodge: Dodged            |    97 |    24 ||   121
Block: Buckler           |    48 |    14 ||    62
